 Dungeon Crawl Stone Soup version 0.22-a0-354-g30dfbe6fde (webtiles) character file.

175 FollowTheCloud the Slasher (level 5, -3/42 HPs)
             Began as a Human Berserker on Apr 16, 2018.
             Was a Believer of Trog.
             Slain by NihilVerum's ghost (13 damage)
             ... on level 3 of the Dungeon.
             The game lasted 00:04:43 (2970 turns).

FollowTheCloud the Slasher (Human Berserker)        Turns: 2970, Time: 00:04:45

Health: -3/42      AC:  6    Str: 19    XL:     5   Next: 86%
Magic:  5/5        EV: 11    Int:  7    God:    Trog [**....]
Gold:   55         SH:  0    Dex: 12    Spells: 4/4 levels left

rFire    . . .     SeeInvis .   a - +0 falchion
rCold    . . .     Gourm    .   (no shield)
rNeg     . . .     Faith    .   o - +0 scale mail
rPois    .         Spirit   .   (no helmet)
rElec    .         Reflect  .   (no cloak)
rCorr    .         Harm     .   (no gloves)
MR       .....                  (no boots)
Stlth    ..........             (no amulet)
HPRegen  0.14/turn              (no ring)
MPRegen  0.09/turn              (no ring)

@: berserk cooldown, slowed, very slow
A: no striking features
a: Berserk, Trog's Hand, Renounce Religion


You were on level 3 of the Dungeon.
You worshipped Trog.
Trog was pleased with you.
You were near starving.

You visited 1 branch of the dungeon, and saw 3 of its levels.

You collected 55 gold pieces.

Inventory:

Hand Weapons
 a - a +0 falchion (weapon)
Armour
 o - a +0 scale mail (worn)
Scrolls
 e - 3 scrolls of identify {unknown}
 f - a scroll of teleportation {unknown}
 g - 3 scrolls of magic mapping {unknown}
 i - a scroll of fear {unknown}
 j - 2 scrolls of immolation {unknown}
 m - a scroll of blinking {unknown}
Potions
 d - a potion of mutation {unknown}
 h - a potion of degeneration {unknown}
 k - a potion of curing {unknown}
 l - a potion of lignification {unknown}
Comestibles
 c - 4 rations


   Skills:
 + Level 3.9 Fighting
 + Level 4.0 Long Blades
 + Level 3.2 Armour
 + Level 3.1 Dodging


You had 4 spell levels left.
You didn't know any spells.

Dungeon Overview and Level Annotations

Branches:
Dungeon (3/15)

Altars:
Hepliaklqana

Annotations:
D:3 NihilVerum's ghost, amateur TrHu


Message History

NihilVerum's ghost is almost destroyed.
NihilVerum's ghost hits you!
* * * LOW HITPOINT WARNING * * *
NihilVerum's ghost hits you!
* * * LOW HITPOINT WARNING * * *
You feel the effects of Trog's Hand fading.
You closely miss NihilVerum's ghost.
NihilVerum's ghost is almost destroyed.
NihilVerum's ghost hits you but does no damage. x2
NihilVerum's ghost grins evilly.
NihilVerum's ghost misses you.
Your skin stops crawling.
You feel less resistant to hostile enchantments.
You hit NihilVerum's ghost.
NihilVerum's ghost is almost destroyed.
NihilVerum's ghost glances around for something to throw.
NihilVerum's ghost closely misses you.
You riposte.
You hit NihilVerum's ghost.
NihilVerum's ghost is almost destroyed.
NihilVerum's ghost hits you!
You die...

.#### #.# .....##.#
##...#.# #......###
... #........# #.#
........#.# #.#
###...###.# #.#
#######.##### ##'##
#.@W.....# ##...##
##.##.###.# ##..>..##
#.....# #.......##
##..##.#
.........####......#
.........'............
.........####......###
#......)## ##...###
##.....## ##.....


You could see NihilVerum's ghost.

Vanquished Creatures
  Natasha (thrice) (D:2)
  A worker ant (D:3)
  2 adders
  An ooze (D:2)
  A dart slug (D:1)
  3 leopard geckos
  3 orcs (D:3)
  A ball python (D:1)
  4 giant cockroaches
  7 goblins
  3 hobgoblins (D:1)
  11 kobolds
  2 bats
  4 frilled lizards
  4 rats
50 creatures vanquished.

Notes
Turn   | Place    | Note
-------+----------+-------------------------------------------
     0 | D:1      | FollowTheCloud the Human Berserker began the quest for the Orb.
     0 | D:1      | Reached XP level 1. HP: 18/18 MP: 1/1
   258 | D:1      | Reached XP level 2. HP: 24/24 MP: 2/2
   591 | D:1      | Reached XP level 3. HP: 19/29 MP: 3/3
  1054 | D:2      | Noticed Natasha
  1066 | D:2      | Killed Natasha
  1066 | D:2      | Reached ** piety under Trog
  1066 | D:2      | Reached XP level 4. HP: 5/35 MP: 4/4
  1534 | D:2      | Found a hazy altar of Hepliaklqana.
  1740 | D:2      | Noticed Natasha
  1748 | D:2      | Killed Natasha
  1748 | D:2      | Reached XP level 5. HP: 27/42 MP: 5/5
  2303 | D:2      | Noticed Natasha
  2312 | D:2      | Killed Natasha
  2658 | D:3      | Reached skill level 4 in Long Blades
  2940 | D:3      | Noticed NihilVerum's ghost (amateur TrHu)
  2964 | D:3      | HP: 2/42 [NihilVerum's ghost (7)]
  2970 | D:3      | Slain by NihilVerum's ghost

Vault maps used:
D:1:      dpeg_arrival_pits, minmay_crystal_water, hangedman_decor_push
D:2:      lemuel_doored_altar, uniq_natasha
D:3:      minitemple

Skill      XL: |  1  2  3  4  5 |
---------------+----------------+-----
Armour         | 3 |  3.2
Dodging        | 3 |  3.1
Long Blades    | 4 |  4.0
Fighting       | |  3.9

Action                   |  1- 3 |  4- 6 || total
-------------------------+-------+-------++-------
Melee: Falchion          |    78 |   115 ||   193
Invok: Berserk           |       |     2 ||     2
       Trog's Hand       |       |     1 ||     1
  Eat: Chunk             |     1 |     6 ||     7
Armor: Animal skin       |    17 |     6 ||    23
       Scale mail        |       |    15 ||    15
Dodge: Dodged            |    51 |    64 ||   115
       Rpst.: Falchion   |    16 |    18 ||    34

Table legend:
 A = Spawn XP
 B = Non-spawn XP
 C = Spawn XP percentage of total XP
 D = Spawn monster count
 E = Non-spawn monster count
 F = Spawn count percentage of total count
 G = Total turns spent on level
                    A         B        C        D         E        F      G
               +---------+---------+-------+---------+---------+-------+---------
         Total |       0 |     251 |   0.0 |       0 |      50 |   0.0 |  2970
               +---------+---------+-------+---------+---------+-------+---------
           D:1 |       0 |      35 |   0.0 |       0 |      19 |   0.0 |   984
           D:2 |       0 |     154 |   0.0 |       0 |      23 |   0.0 |  1645
           D:3 |       0 |      62 |   0.0 |       0 |       8 |   0.0 |   341
               +---------+---------+-------+---------+---------+-------+---------
